 Dungeon Crawl Stone Soup version 0.20.1-1-g8b1a95d (webtiles) character file.

256 acidapple the Ruffian (level 5, -1/40 HPs)
             Began as a Draconian Transmuter on Sept 7, 2017.
             Killed from afar by an orc wizard (10 damage)
             ... with a puff of flame
             ... on level 4 of the Dungeon.
             The game lasted 00:05:27 (2954 turns).

acidapple the Ruffian (Draconian Transmuter)        Turns: 2954, Time: 00:05:27

Health: -1/40      AC:  7    Str: 13    XL:     5   Next: 92%
Magic:  4/8        EV: 12    Int: 14    God:
Gold:   118        SH:  0    Dex: 11    Spells: 2/8 levels left

rFire    . . .     SeeInvis .     - Unarmed
rCold    . . .     Gourm    .   (no shield)
rNeg     . . .     Faith    .   (armour unavailable)
rPois    +         Spirit   .   (helmet restricted)
rElec    .         Reflect  .   (no cloak)
rCorr    .         Harm     .   m - +0 pair of gloves
MR       .....                  p - +0 pair of boots
Stlth    ..........             (no amulet)
Regen    0.2/turn               g - ring of poison resistance
MPRegen  0.2/turn               i - ring of loudness (curse)

@: no status effects
A: unfitting armour, cold-blooded, AC +5
a: no special abilities


You were on level 4 of the Dungeon.
You were not hungry.

You visited 1 branch of the dungeon, and saw 5 of its levels.

You collected 118 gold pieces.

Inventory:

Missiles
 a - 35 arrows
Armour
 m - a +0 pair of gloves (worn)
 n - a +0 shield
 p - a +0 pair of boots (worn)
Jewellery
 g - a ring of poison resistance (left hand)
 i - a cursed ring of loudness (right hand)
Scrolls
 d - 8 scrolls of identify
 e - a scroll of recharging
 j - a scroll of blinking
 r - 2 scrolls of enchant weapon
 s - 2 scrolls of magic mapping
Potions
 h - a potion of ambrosia {unknown}
 l - a potion of curing
 o - a potion of resistance {unknown}
 t - a potion of brilliance {unknown}
Books
 b - a book of Changes

   Spells                             Type                      Level
   a - Beastly Appendage              Transmutation                1
   b - Sticks to Snakes               Transmutation                2
   c - Spider Form                    Transmutation/Poison         3
   d - Ice Form                       Ice/Transmutation            4
   e - Blade Hands                    Transmutation                5
Comestibles
 c - 2 bread rations
 f - 2 royal jellies
 k - a meat ration


   Skills:
 - Level 1.1 Fighting
 - Level 1.7 Dodging
 + Level 5.0 Unarmed Combat
 - Level 2.0 Spellcasting
 + Level 4.7 Transmutations


You had 2 spell levels left.
You knew the following spells:

 Your Spells              Type           Power        Failure   Level  Hunger
a - Beastly Appendage     Tmut           ##....       3%          1    ##.....
b - Sticks to Snakes      Tmut           ##......     4%          2    ###....
c - Spider Form           Tmut/Pois      #.........   26%         3    ####...


Dungeon Overview and Level Annotations

Branches:
Dungeon (5/15)
 Temple: D:4-7

Altars:
Hepliaklqana

Annotations:
D:3 acidapple's ghost, amateur DrTm


Innate Abilities, Weirdness & Mutations

Your plain brown scales are hard. (AC +5)
You cannot fit into any form of body armour.
You are cold-blooded and may be slowed by cold attacks.


Message History

You miss something. You tail-slap something.
You hear some strange, mumbled words.
You are confused.
You closely miss something. Your headbutt misses something.
Something hits you but does no damage.
Your horns disappear.
You hit something but do no damage. Something hits you but does no damage.
You barely miss something.
You bump into the rock wall.
Something hits you but does no damage.
You feel less confused.
You hear some strange, mumbled words.
A puff of flame appears from out of thin air!
The puff of flame hits you!
* * * LOW HITPOINT WARNING * * *
Something hits you but does no damage.
You miss something.
You hear some strange, mumbled words.
A puff of flame appears from out of thin air!
The puff of flame hits you!
You die...

#. ♣. ###... .P P♣♣..
#...... ##+##.P♣ ♣♣...#
#...... ##...#.P♣.♣.P...
#...... ##.........PP.#.#
#...## ##>........# #..#
#....####)........♣ ♣..##
#.......'........♣. ♣♣♣...
##...####)@.....♣♣P≈≈♣P♣.##
♣#♣#♣#♣#..##
##......♣♣≈≈≈≈[..#
.....##.##
##.....♣.P≈≈♣♣♣.##
♣.♣.♣.♣..# ##...#♣PP .P♣#.#
#.....{### ##'## ♣.♣♣##.
♣.♣.♣.♣# #.# ##♣PP.♣#.#
#......# #.# #...P♣#.##
♣#♣#♣#♣oo ##.####.♣♣♣#.##
o## ##...##..# #.#


There were no monsters in sight!

Vanquished Creatures
  A centaur (D:5)
  2 orc wizards (D:4)
  An iguana (D:4)
  2 adders (D:2)
  A dart slug (D:2)
  2 leopard geckos (D:2)
  8 orcs
  A ball python (D:2)
  A giant cockroach (D:1)
  4 goblins
  7 hobgoblins
  11 jackals
  A quokka (D:3)
  8 bats
  4 frilled lizards
  5 kobolds
  8 rats
67 creatures vanquished.

Notes
Turn   | Place    | Note
-------+----------+-------------------------------------------
     0 | D:1      | acidapple the Draconian Transmuter began the quest for the Orb.
     0 | D:1      | Reached XP level 1. HP: 16/16 MP: 3/3
   157 | D:1      | Reached XP level 2. HP: 15/23 MP: 3/5
   186 | D:1      | Learned a level 2 spell: Sticks to Snakes
   527 | D:2      | Reached XP level 3. HP: 13/28 MP: 3/6
  1021 | D:2      | Learned a level 3 spell: Spider Form
  1434 | D:3      | Reached XP level 4. HP: 29/35 MP: 7/7
  1466 | D:3      | Noticed acidapple's ghost (amateur DrTm)
  1470 | D:3      | Reached skill level 4 in Unarmed Combat
  1921 | D:3      | You fall through a shaft for 2 floors!
  1921 | D:5      | Entered Level 5 of the Dungeon
  1921 | D:5      | Found a hazy altar of Hepliaklqana.
  1955 | D:5      | Noticed a centaur
  1963 | D:5      | Killed a centaur
  1963 | D:5      | Reached XP level 5. HP: 9/40 MP: 1/8
  2930 | D:4      | Reached skill level 5 in Unarmed Combat
  2954 | D:4      | Killed from afar by an orc wizard

Skill      XL: |  1  2  3  4  5 |
---------------+----------------+-----
Transmutations | 3 4 |  4.7
Unarmed Combat | 4 5 |  5.0
Fighting       | |  1.1
Dodging        | |  1.7
Spellcasting   | |  2.0

Action                   |  1- 3 |  4- 6 || total
-------------------------+-------+-------++-------
Melee: Unarmed           |   143 |   100 ||   243
       Tailslap          |    13 |     6 ||    19
       Kick              |    11 |       ||    11
       Punch             |     2 |     1 ||     3
       Headbutt          |     2 |     7 ||     9
 Cast: Beastly Appendage |    20 |     8 ||    28
       Sticks to Snakes  |     1 |     1 ||     2
       Spider Form       |       |     4 ||     4
  Use: Scroll            |     7 |     4 ||    11
  Eat: Chunk             |     2 |     2 ||     4
       Bread ration      |       |     1 ||     1
Armor: Skin              |    68 |    43 ||   111
Dodge: Dodged            |   118 |    72 ||   190
